 Dungeon Crawl Stone Soup version 0.25-a0-503-ge281fa673e (webtiles) character file.

Game seed: 12865410883994821595, levelgen mode: deterministic

2322 kae the Martial Artist (level 9, -1/72 HPs)
             Began as a Demonspawn Gladiator on Feb 13, 2020.
             Slain by Joseph
             ... wielding a +0 quarterstaff
              (15 damage)
             ... on level 7 of the Dungeon.
             The game lasted 00:07:25 (7525 turns).

kae the Martial Artist (Demonspawn Gladiator)       Turns: 7525, Time: 00:07:25

Health: -1/72      AC:  7    Str: 15    XL:     9   Next: 19%
Magic:  0/9        EV: 13    Int: 10    God:
Gold:   284        SH:  0    Dex: 17    Spells: 8/8 levels left

rFire    . . .     SeeInvis .     - Unarmed
rCold    . . .     Gourm    .   (no shield)
rNeg     . . .     Faith    .   a - +1 leather armour
rPois    .         Spirit   +   b - +0 helmet
rElec    .         Reflect  .   (no cloak)
rCorr    .         Harm     .   (no gloves)
MR       .....                  (boots unavailable)
Stlth    +.........             (no amulet)
HPRegen  0.22/turn              (no ring)
MPRegen  0.11/turn              (no ring)

@: no status effects
A: hooves 3, thin metallic scales 1, demonic guardian 1, magic shield
a: no special abilities


You were on level 7 of the Dungeon.
You were hungry.

You visited 1 branch of the dungeon, and saw 7 of its levels.
You also visited: Sewer.

You collected 410 gold pieces.
You spent 126 gold pieces at shops.

Inventory:

Missiles
 c - 3 throwing nets (quivered)
Armour
 a - a +1 leather armour (worn)
 b - a +0 helmet (worn)
Jewellery
 u - a cursed -6 ring of dexterity {unknown}
Wands
 w - a wand of polymorph (8)
 z - a wand of paralysis (7)
Scrolls
 e - a scroll of enchant armour
 f - 7 scrolls of remove curse
 g - 6 scrolls of teleportation
 p - 2 scrolls of enchant weapon
 x - 5 scrolls of identify
 y - a scroll of fear
Potions
 i - 3 potions of curing
 j - 2 potions of haste
 k - 2 potions of resistance
 l - a potion of berserk rage
 m - 5 potions of flight
 n - a potion of mutation
 o - 2 potions of brilliance
 q - 2 potions of invisibility
 r - 2 potions of might
 s - a potion of magic
 t - 2 potions of degeneration
 v - a potion of agility
Comestibles
 d - 11 rations


   Skills:
 + Level 7.3 Fighting
 - Level 1.7 Throwing
 - Level 3.0 Dodging
 * Level 9.6 Unarmed Combat


You had 8 spell levels left.
You didn't know any spells.
Your spell library contained the following spells:

 Spells                   Type           Power        Failure   Level  Hunger
 Confusing Touch          Hex            #.......     80%         3    ####...
 Gell's Gravitas          Tloc           #.........   80%         3    ####...
 Petrify                  Tmut/Erth      #.......     99%         4    #####..
 Metabolic Englaciation   Hex/Ice        #.........   100%        5    ######.
 Yara's Violent Unravell  Hex/Tmut       #.........   100%        5    ######.


Dungeon Overview and Level Annotations

Branches:
Dungeon (7/15)             Temple (0/1) D:7           Sewer (visited)

Altars:
Makhleb
Trog
Yredelemnul

Shops:
D:4 }   D:5 ?

Annotations:
D:7 Joseph


Innate Abilities, Weirdness & Mutations

You have hooves in place of feet.
You are partially covered in thin metallic scales. (AC +2)
A weak demonic guardian rushes to your aid.
When hurt, damage is shared between your health and your magic reserves.


Message History

You hit something. You hit something. You kick something. Something hits you.
You hit something but do no damage. Something hits you!
You hit something. Your kick misses something. You completely miss something.
Something hits you.
You hit something. Your kick misses something. Something hits you!
You miss something. Something hits you!
* * * LOW HITPOINT WARNING * * *
You closely miss something. Your kick misses something.
You feel much better. Something hits you.
You miss something. You kick something. Something barely misses you.
You hit something. Something hits you but does no damage.
You hit something but do no damage. Your kick misses something.
Something hits you!
* * * LOW HITPOINT WARNING * * *
You miss something. You kick something. You barely miss something.
Your kick misses something. Something barely misses you.
You hit something. You kick something. Something hits you!
You die...

#################+###+##
......>.....○.#.........
○°...........°#.........
°○............#.........
.......{5.....#..>......
..°°...@5.....###.###<##
..............#.........
..............###.##....
.............°# #....
○°.....(..○.°.# #.##....
...........°○.# #.##....
...............#
#.##....
...............#
#.##....
...............#
#.#.....


You could see a friendly white imp and a friendly ufetubus.

Vanquished Creatures
  Pikel (D:4)
  Menkaure (D:4)
  Edmund (D:6)
  2 ice beasts
  3 centaurs
  2 bullfrogs (D:7)
  2 scorpions (D:5)
  A howler monkey (D:6)
  2 crimson imps (D:5)
  2 orc priests
  3 hounds
  A bullfrog skeleton (D:5)
  3 jellies (D:5)
  3 orc wizards
  3 worker ants
  A hound zombie (D:6)
  13 adders
  2 river rats (D:4)
  2 shadow imps
  6 oozes
  An adder skeleton (D:7)
  9 worms
  4 dart slugs
  6 leopard geckos
  11 orcs
  4 ball pythons
  14 bats
  4 giant cockroaches
  9 goblins
  7 hobgoblins
  8 jackals
  3 quokkas
  8 frilled lizards
  10 kobolds
  A quokka zombie (D:5)
  11 rats
164 creatures vanquished.

Vanquished Creatures (collateral kills)
  2 black bears (D:6)
  3 orc priests
  A hound (D:5)
  An adder (D:5)
  An orc (D:5)
8 creatures vanquished.

Vanquished Creatures (others)
  A centaur skeleton (D:4)
  A dart slug (D:4)
  A giant cockroach (D:4)
3 creatures vanquished.

Grand Total: 175 creatures vanquished

Notes
Turn   | Place    | Note
-------+----------+-------------------------------------------
     0 | D:1      | kae the Demonspawn Gladiator began the quest for the Orb.
     0 | D:1      | Reached XP level 1. HP: 16/16 MP: 1/1
   136 | D:1      | Reached skill level 3 in Unarmed Combat
   171 | D:1      | Gained mutation: A weak demonic guardian rushes to your
                  | aid. [demonic ancestry]
   171 | D:1      | Reached XP level 2. HP: 11/22 MP: 2/2
   735 | D:1      | Reached XP level 3. HP: 15/28 MP: 3/3
  1610 | D:2      | Found a burning altar of Makhleb.
  1697 | D:2      | Gained mutation: You have large cloven feet. [demonic
                  | ancestry]
  1697 | D:2      | Reached XP level 4. HP: 27/34 MP: 4/4
  1847 | D:2      | Reached skill level 4 in Unarmed Combat
  2500 | D:3      | Found a basalt altar of Yredelemnul.
  2812 | D:3      | Gained mutation: You are partially covered in thin metallic
                  | scales. (AC +2) [demonic ancestry]
  2812 | D:3      | Reached XP level 5. HP: 37/41 MP: 5/5
  3335 | D:4      | Noticed a slave
  3335 | D:4      | Noticed a slave
  3337 | D:4      | Noticed Pikel
  3341 | D:4      | Noticed a slave
  3342 | D:4      | Noticed a slave
  3350 | D:4      | Killed Pikel
  3350 | D:4      | Reached skill level 6 in Unarmed Combat
  3350 | D:4      | Gained mutation: When hurt, damage is shared between your
                  | health and your magic reserves. [demonic ancestry]
  3350 | D:4      | Reached XP level 6. HP: 14/49 MP: 6/6
  3350 | D:4      | Gained mutation: You have hoof-like feet. [demonic
                  | ancestry]
  3350 | D:4      | Reached XP level 7. HP: 16/55 MP: 7/7
  3532 | D:4      | Found Nohy's Gadget Emporium.
  3852 | D:4      | Found a glowing drain.
  3871 | Sewer    | Entered a sewer
  4515 | Sewer    | Reached skill level 5 in Fighting
  4766 | D:4      | Noticed Menkaure
  4775 | D:4      | Killed Menkaure
  4775 | D:4      | Reached skill level 7 in Unarmed Combat
  5026 | D:5      | Entered Level 5 of the Dungeon
  5120 | D:5      | Gained mutation: You have hooves in place of feet. [demonic
                  | ancestry]
  5120 | D:5      | Reached XP level 8. HP: 47/63 MP: 5/8
  5426 | D:5      | Reached skill level 8 in Unarmed Combat
  5496 | D:5      | Found Mecren's Magic Scroll Shop.
  5520 | D:5      | Bought a scroll of identify for 22 gold pieces
  5520 | D:5      | Bought a scroll of identify for 22 gold pieces
  5520 | D:5      | Bought a scroll of identify for 22 gold pieces
  5520 | D:5      | Bought a scroll of identify for 22 gold pieces
  5520 | D:5      | Bought a scroll of fear for 38 gold pieces
  6125 | D:6      | Noticed Edmund
  6136 | D:6      | Killed Edmund
  6425 | D:6      | Found a bloodstained altar of Trog.
  6435 | D:6      | Reached skill level 9 in Unarmed Combat
  6850 | D:6      | Reached XP level 9. HP: 66/72 MP: 7/9
  7496 | D:7      | Noticed Joseph
  7497 | D:7      | Found a staircase to the Ecumenical Temple.
  7525 | D:7      | Slain by Joseph

Levels and vault maps discovered:
D:1:      elethiomel_arrival_shortcut, layout_loops_ring, minmay_hexomino_u4
D:2:      kennysheep_six_static_rooms, layout_loops_ring, grunt_ministairs_1,
          bloody_makhleb
D:3:      layout_basic, chequers_serial_rivers_micro_c,
          yredelemnul_altar_generic
D:4:      layout_rooms, serial_shops, kennysheep_mini, portal_sewer_entry_e,
          chequers_mini_garden, serial_bayou_pond_d, nrook_uturn, uniq_menkaure,
          uniq_pikel
D:5:      layout_gridville, first_ration, serial_shops, shop, grunt_tough_drop
D:6:      layout_layer_cave, trog_ov_bears_minmay, uniq_edmund
D:7:      layout_basic, lemuel_temple_firewalk_b, uniq_joseph, uniq_maggie

Skill      XL: |  1  2  3  4  5  6  7  8 |
---------------+-------------------------+-----
Unarmed Combat | 3 4 6 7 9 |  9.6
Dodging        | 3 |  3.0
Fighting       | 3 4 5 7 |  7.3
Throwing       | |  1.7

Action                   |  1- 3 |  4- 6 |  7- 9 || total
-------------------------+-------+-------+-------++-------
Melee: Unarmed           |   177 |   134 |   338 ||   649
       Punch             |     1 |     3 |    14 ||    18
       Kick              |       |    36 |    89 ||   125
  Use: Scroll            |     6 |     6 |    10 ||    22
       Potion            |       |       |     3 ||     3
 Stab: Sleeping          |     6 |     1 |       ||     7
       Distracted        |       |       |     2 ||     2
  Eat: Chunk             |     2 |     6 |    13 ||    21
Armor: Leather armour    |    40 |    35 |    82 ||   157
Dodge: Dodged            |    94 |   101 |   186 ||   381

Table legend:
 A = Non-vault XP
 B = Vault XP
 C = Vault XP percentage of total XP
 D = Non-vault monster count
 E = Vault monster count
 F = Vault count percentage of total count
                 A         B        C        D         E       F
            +---------+---------+-------+---------+---------+-------
      Total |    1913 |    1405 |  42.3 |     119 |      53 |  30.8
            +---------+---------+-------+---------+---------+-------
        D:1 |      36 |      13 |  26.5 |      18 |       5 |  21.7
        D:2 |      76 |      16 |  17.4 |      23 |       8 |  25.8
        D:3 |     109 |       0 |   0.0 |      25 |       0 |   0.0
        D:4 |     232 |     713 |  75.4 |      14 |      10 |  41.7
        D:5 |     796 |     209 |  20.8 |      20 |       5 |  20.0
        D:6 |     302 |     372 |  55.2 |      13 |       3 |  18.8
        D:7 |     362 |       0 |   0.0 |       6 |       0 |   0.0
      Sewer |       0 |      82 | 100.0 |       0 |      22 | 100.0
            +---------+---------+-------+---------+---------+-------
